AoeStats
← CharlesFP89

MegaRandom

508061778Analyzed
4v4 RM · 12d ago on Sep 20, 2026· 66m 30s· 8 players
Game mode
Random Map
Map size
Large (8 player)
Population
200
Speed
Normal
Resources
Standard
Victory
Conquest
Starting age
Dark Age
Ending age
Imperial Age
RankedLock teamsTeams togetherTeam positionsShared explorationLock speedFull tech treeHidden civsTurbo modeCheats
Victory
Defeat
🇫🇷 Khmer · France
924
+11
🇫🇷 Franks · France
866
+14
🇨🇭 Italians · Switzerland
848
+14
🇫🇷 Teutons · France
825
+16
🇸🇪 Japanese · Sweden
835
-14
🇸🇪 Persians · Sweden
822
-14
🇸🇪 Italians · Sweden
810
-14
🇹🇷 Turks · Türkiye
802
-13
armo345
12:17 Feudal Age
13:49 Double-Bit Axe
20:41 Wheelbarrow
20:29 Fishing Lines
23:55 Castle Age
24:06 Horse Collar
25:06 Pikeman
26:28 Gillnets
27:00 Crossbowman
28:30 Medium Warships
28:46 Gold Mining
28:49 Stone Mining
29:03 Heavy Plow
29:14 Bow Saw
31:52 Man-at-Arms
32:34 Squires
32:20 Arson
33:23 Ballistics
33:15 Clinker Construction
37:32 Imperial Age
36:18 Forging
37:12 Town Watch
37:43 Hand Cart
37:16 Loom
38:37 Conscription
38:52 Fletching
39:03 Padded Archer Armor
40:16 Chemistry
40:54 Capped Ram
41:44 Thumb Ring
41:00 Elite Skirmisher
41:41 Elite Cannon Galleon
43:39 Two-Man Saw
43:18 Crop Rotation
43:16 Elite Genoese Crossbowman
47:16 Bodkin Arrow
47:37 Leather Archer Armor
47:22 Scale Mail Armor
47:58 Iron Casting
47:29 Scale Barding Armor
48:18 Heavy Warships
52:34 Bracer
53:05 Ring Archer Armor
53:36 Blast Furnace
52:52 Chain Mail Armor
52:58 Chain Barding Armor
52:24 Long Swordsman
53:47 Treadmill Crane
54:33 Shipwright
54:34 Carvel Hull
54:26 Careening
54:12 Murder Holes
57:49 Caravan
58:35 Silk Road
64:40 Plate Barding Armor
64:35 Plate Mail Armor
64:43 Plate Barding Armor
Orreslayer
3:09 Loom
10:59 Feudal Age
18:36 Castle Age
16:52 Fishing Lines
17:01 Double-Bit Axe
17:08 Gold Mining
17:01 Horse Collar
17:14 Stone Mining
17:32 Scale Mail Armor
18:31 Fletching
18:43 Padded Archer Armor
19:12 Gillnets
20:15 Wheelbarrow
20:30 Bow Saw
21:29 Town Watch
26:49 Gambesons
28:28 Chain Mail Armor
29:25 Forging
29:44 Heavy Plow
30:08 Elite Skirmisher
31:53 Gold Shaft Mining
33:58 Thumb Ring
34:28 Bodkin Arrow
34:49 Leather Archer Armor
37:27 Hand Cart
37:15 Town Patrol
38:02 Iron Casting
43:22 Imperial Age
44:34 Conscription
43:49 Elite Samurai
47:12 Plate Mail Armor
48:54 Blast Furnace
48:09 Squires
47:57 Arson
50:11 Capped Ram
55:08 Pikeman
57:03 Halberdier
63:38 Caravan
CripKilla356
9:52 Feudal Age
18:18 Castle Age
17:49 Horse Collar
17:59 Double-Bit Axe
31:37 Imperial Age
31:58 Wheelbarrow
34:45 Kamandaran
35:32 Crossbowman
36:18 Thumb Ring
35:35 Elite Skirmisher
36:46 Bloodlines
36:37 Husbandry
35:58 Light Cavalry
39:55 Scale Barding Armor
41:33 Stone Mining
41:34 Gold Mining
43:01 Cavalier
47:57 Ballistics
49:16 Chemistry
50:11 Bow Saw
51:25 Gold Shaft Mining
53:56 Medium Warships
53:20 Elite Cannon Galleon
56:31 Heated Shot
60:25 Guilds
62:24 Citadels
65:52 Heavy Warships
Sarısaltuk
10:17 Feudal Age
11:05 Double-Bit Axe
11:05 Horse Collar
13:28 Loom
14:18 Wheelbarrow
13:29 Town Watch
19:59 Castle Age
20:19 Scale Barding Armor
20:29 Forging
20:12 Fletching
20:23 Padded Archer Armor
20:24 Scale Mail Armor
21:24 Fishing Lines
21:51 Heavy Plow
22:06 Bow Saw
23:47 Hand Cart
24:35 Stone Mining
24:38 Gold Mining
27:48 Gillnets
29:56 Town Watch
33:36 Imperial Age
33:00 Town Patrol
33:27 Chain Barding Armor
33:22 Chain Mail Armor
33:43 Iron Casting
33:04 Bodkin Arrow
33:24 Leather Archer Armor
33:34 Ballistics
33:09 Murder Holes
32:55 Treadmill Crane
33:27 Fortified Wall
33:07 Guard Tower
33:08 Heated Shot
33:29 Masonry
35:19 Gold Shaft Mining
35:37 Bombard Tower
35:02 Arrowslits
35:55 Plate Mail Armor
37:51 Bloodlines
37:42 Husbandry
38:39 Elite Janissary
40:35 Hoardings
40:22 Conscription
40:46 Architecture
39:44 Elite Cannon Galleon
40:50 Medium Warships
43:26 Heavy Warships
43:20 Sappers
44:07 Artillery
52:08 Plate Barding Armor
52:03 Ring Archer Armor
51:45 Bracer
CharlesFP89
13:29 Feudal Age
16:16 Castle Age
14:11 Double-Bit Axe
14:10 Horse Collar
14:19 Fishing Lines
16:12 Wheelbarrow
17:25 Horse Collar
18:09 Heavy Plow
18:29 Bow Saw
18:37 Gillnets
19:22 Hand Cart
28:55 Imperial Age
27:26 Medium Warships
27:15 Loom
27:16 Town Watch
28:34 Town Patrol
37:16 Ballistics
37:56 Chemistry
38:07 Bloodlines
37:57 Husbandry
37:23 Heavy Scorpion
39:08 Fortified Wall
39:50 Scale Barding Armor
39:55 Forging
44:18 Chain Barding Armor
45:49 Elite Battle Elephant
46:34 Stone Mining
46:34 Gold Mining
49:56 Plate Barding Armor
49:56 Iron Casting
50:47 Caravan
51:48 Stone Shaft Mining
51:49 Gold Shaft Mining
54:59 Tusk Swords
Haboryme
13:05 Feudal Age
17:36 Castle Age
18:19 Loom
18:21 Horse Collar
18:29 Double-Bit Axe
19:51 Heavy Plow
21:52 Pikeman
22:32 Squires
24:57 Medium Warships
27:03 Man-at-Arms
27:28 Gambesons
27:58 Town Watch
29:55 Wheelbarrow
29:31 Gold Mining
29:54 Fletching
30:41 Forging
31:03 Long Swordsman
33:07 Hand Cart
33:38 Bodkin Arrow
33:44 Padded Archer Armor
36:07 Bow Saw
39:13 Imperial Age
38:24 Ballistics
38:24 Clinker Construction
38:26 Careening
40:15 Iron Casting
39:40 Scale Mail Armor
40:57 Heavy Warships
41:42 Chemistry
40:17 Halberdier
40:19 Two-Handed Swordsman
41:50 Champion
52:28 Conscription
53:30 Chain Mail Armor
54:15 Blast Furnace
53:30 Leather Archer Armor
53:39 Carvel Hull
55:12 Coinage
56:55 Siphons
57:38 Plate Mail Armor
57:38 Ring Archer Armor
57:43 Banking
59:56 Hoardings
59:16 Heated Shot
61:23 Masonry
61:40 Crenellations
plaiemobile
7:26 Loom
11:41 Feudal Age
15:17 Castle Age
13:16 Double-Bit Axe
14:13 Gold Mining
16:41 Wheelbarrow
18:03 Hand Cart
22:34 Stone Mining
23:35 Bow Saw
29:03 Gold Shaft Mining
31:38 Husbandry
34:59 Imperial Age
33:03 Town Watch
35:35 Forging
35:30 Scale Barding Armor
35:01 Cavalier
37:15 Chivalry
37:38 Conscription
38:02 Caravan
38:53 Paladin
42:04 Iron Casting
41:50 Chain Barding Armor
43:57 Blast Furnace
51:25 Plate Barding Armor
Legrumsx
12:03 Feudal Age
16:08 Castle Age
15:59 Loom
16:09 Double-Bit Axe
18:15 Bow Saw
19:16 Wheelbarrow
19:23 Fishing Lines
20:00 Fletching
22:05 Horse Collar
24:06 Gillnets
24:38 Hand Cart
24:37 Heavy Plow
26:55 Medium Warships
26:53 Town Watch
30:42 Thumb Ring
34:15 Pikeman
34:58 Squires
34:20 Crossbowman
34:59 Bodkin Arrow
35:05 Padded Archer Armor
39:14 Imperial Age
40:54 Heavy Warships
41:54 Ballistics
42:35 Chemistry
41:47 Siphons
42:35 Bracer
42:52 Leather Archer Armor
43:47 Conscription
44:23 Scale Mail Armor
44:34 Forging
44:21 Gold Mining
44:21 Stone Mining
44:37 Elite Cannon Galleon
47:00 Shipwright
53:22 Elite Skirmisher
54:50 Caravan
64:50 Ring Archer Armor
Connection lost

Rejoining the realm…

Still unreachable

The connection could not be restored.

Session expired

The server has moved on; the page needs a fresh start.